 Dungeon Crawl Stone Soup version 0.25-a0-589-g1e14c54 (webtiles) character file.

Game seed: 500683581031109602, levelgen mode: deterministic

63044 robertstho the Tortoise (level 14, -5/204 HPs)
             Began as a Minotaur Berserker on Mar 9, 2020.
             Was an Elder of Trog.
             Killed by divine providence
             ... invoked by an orc priest
              (9 damage)
             ... on level 1 of the Orcish Mines.
             The game lasted 00:38:32 (15747 turns).

robertstho the Tortoise (Minotaur Berserker)       Turns: 15747, Time: 00:38:33

Health: -5/204     AC: 20    Str: 27    XL:     14   Next: 66%
Magic:  0/22       EV: 10    Int:  5    God:    Trog [****..]
Gold:   1553       SH:  0    Dex: 12    Spells: 13/13 levels left

rFire    . . .     SeeInvis .   K - +3 triple sword (flame)
rCold    . . .     Gourm    .   (shield currently unavailable)
rNeg     + + +     Faith    .   x - +0 plate armour
rPois    .         Spirit   +   (helmet restricted)
rElec    +         Reflect  .   I - scarf {repulsion}
rCorr    .         Harm     .   O - +1 pair of gloves {Str+3}
MR       .....                  (no boots)
Stlth    ..........             z - amulet "Niqal" {Spirit rElec rN+++ MR-}
HPRegen  0.44/turn              M - ring of magical power
MPRegen  0.18/turn              Q - ring of flight

@: confused, berserking (expiring), marked, lightly drained, repel missiles,
very quick
A: retaliatory headbutt, horns 2
a: Berserk, Trog's Hand, Brothers in Arms, Renounce Religion, Evoke Flight


You were on level 1 of the Orcish Mines.
You worshipped Trog.
Trog was greatly pleased with you.
You were very hungry.

You visited 3 branches of the dungeon, and saw 19 of its levels.
You also visited: Gauntlet and Ice Cave.

You collected 1553 gold pieces.

Inventory:

Hand Weapons
 o - the +8 great sword of Classification {vorpal, rPois}
   (You found it in an ice cave)

   It inflicts extra damage upon your enemies.
   It protects you from poison.
 s - the +12 long sword of Conflict {vorpal, rPois rF+ Str-3 Dex+2}
   (You found it on level 5 of the Dungeon)

   It inflicts extra damage upon your enemies.
   It affects your strength (-3).
   It affects your dexterity (+2).
   It protects you from fire.
   It protects you from poison.
 y - a +4 antimagic long sword
 D - a +3 scimitar of flaming
 G - the +1 broad axe of Duty {antimagic, MR+ Int+2 Stlth+}
   (Trog gifted it to you on level 9 of the Dungeon)

   It reduces the magical energy of the wielder, and disrupts the spells and
   magical abilities of those hit.
   Natural abilities and divine invocations are not affected.
   It affects your intelligence (+2).
   It affects your resistance to hostile enchantments.
   It makes you more stealthy.
 K - a +3 triple sword of flaming (weapon)
 N - a +5 broad axe of flaming
Armour
 x - a +0 plate armour (worn)
 I - a scarf of repulsion (worn)
 O - a +1 pair of gloves of strength (worn)
Jewellery
 i - an uncursed ring of ice
 q - an uncursed amulet of regeneration
 z - the amulet "Niqal" (around neck) {Spirit rElec rN+++ MR-}
   (You took it off a minotaur in a Gauntlet)

   [amulet of guardian spirit]

   It causes incoming damage to be split between your health and magic.
   It insulates you from electricity.
   It renders you almost immune to negative energy.
   It affects your resistance to hostile enchantments.
 A - an uncursed amulet of the acrobat
 M - a ring of magical power (left hand)
 Q - a ring of flight (right hand)
 R - the amulet of Geymisk {Inacc rN+ Stlth+}
   (You found it in a Gauntlet)

   [amulet of inaccuracy]

   It reduces the accuracy of all your attacks.
   It protects you from negative energy.
   It makes you more stealthy.
Wands
 b - a wand of clouds (1)
 E - a wand of digging (8)
 L - a wand of disintegration (13)
Scrolls
 d - 10 scrolls of remove curse
 g - 4 scrolls of magic mapping
 h - 4 scrolls of enchant weapon
 k - 6 scrolls of teleportation
 m - 2 scrolls of acquirement {unknown}
 p - a scroll of immolation
 t - 6 scrolls of enchant armour
 u - 3 scrolls of identify
 C - a scroll of fear
 H - 6 scrolls of fog
Potions
 a - 4 potions of mutation
 e - a potion of berserk rage
 f - a potion of might {unknown}
 j - 3 potions of ambrosia
 l - 3 potions of lignification
 n - a potion of invisibility
 r - 2 potions of haste
 v - 3 potions of flight
 w - a potion of curing
 B - a potion of cancellation {unknown}
Miscellaneous
 F - a box of beasts
 J - a phantom mirror
Comestibles
 c - 26 rations
 P - a chunk of flesh


   Skills:
 * Level 15.9(15.8) Fighting
 + Level 15.9(15.8) Long Blades
 + Level 10.7(10.6) Axes
 * Level 16.7(16.6) Armour
 + Level 4.7(4.6) Dodging
 - Level 1.6(1.5) Stealth


You had 13 spell levels left.
You didn't know any spells.
Your spell library was empty.

Dungeon Overview and Level Annotations

Branches:
Dungeon (12/15)            Temple (0/1) D:5            Lair (6/6) D:10
 Shoals (0/4) Lair:4        Snake (0/4) Lair:4        Slime (0/5) Lair:6
    Orc (1/2) D:10          IceCv (visited)         Gauntlet (visited)

Altars:
Ashenzari
Cheibriados
Dithmenos

Shops:
D:7 %   Orc:1 (

Annotations:
Lair:3 exclusion: 6 oklob plants


Innate Abilities, Weirdness & Mutations

You reflexively headbutt those who attack you in melee.
You have a pair of horns on your head.


Message History

The orc hits you but does no damage.
The orc warrior hits you but does no damage. x2
The orc hits you but does no damage.
The two-headed ogre hits you with a +2 great mace of protection!
* * * LOW HITPOINT WARNING * * *
The two-headed ogre completely misses you.
You slice the warg!! You burn the warg.
You kill the warg!
Trog accepts your kill. The orc priest hits you.
* * * LOW HITPOINT WARNING * * *
The two-headed ogre hits you with a +0 giant club.
* * * LOW HITPOINT WARNING * * *
The two-headed ogre hits you with a +0 giant club!
* * * LOW HITPOINT WARNING * * *
You're too confused to move!
The orc closely misses you. The orc warrior barely misses you.
The orc priest invokes the aid of Beogh against you.
Beogh smites you!
You die...

......$........$
....#.#...........
#.§......#.#.....#
##...$............
...$..........o...
§..$...[.[........
........<>o....o..
ho.......ooO......
o#......o)@oo.....
##......oOo....#.
......O{.o§o§§#..
........O§§§§§§§§
..§....#.#§§§§8§§.
........#..§§§§§..
..... .§§.§§.#.
........#..§...
...# $.........


You could see an orc knight, 2 two-headed ogres, an ogre mage, 3 orc warriors,
an ogre, 2 orc priests and 6 orcs.

Vanquished Creatures
  The ghost of Butohos the Cardsharp, a journeyman DsVM of Nemelex Xobeh (Lair:5)
  2 minotaurs
  8 hydras
  Harold (D:8)
  4 catoblepae
  Erica (D:8)
  3 two-headed ogres
  12 death yaks
  A soul eater (Gauntlet)
  An unseen horror (D:11)
  Pikel (D:4)
  2 ugly things
  A cyclops (D:12)
  5 manticores
  2 ice statues (IceCv)
  14 elephants
  4 torpor snails (Lair:6)
  A gargoyle (D:11)
  13 spiny frogs
  5 black mambas
  3 komodo dragons
  2 ice devils (Lair:2)
  2 trolls
  3 hornets
  4 dream sheep (Lair:6)
  4 blink frogs (Lair:6)
  4 hippogriffs
  A wraith (D:12)
  Sigmund (D:2)
  39 yaks
  2 vampires
  2 wyverns
  2 fire bats (Gauntlet)
  A hungry ghost (D:7)
  A warg (Orc:1)
  Duvessa (D:7)
  A naga (Lair:4)
  10 water moccasins
  8 porcupines
  2 sky beasts
  9 orc warriors
  3 ice beasts
  4 ogres
  2 phantoms
  6 necrophages (Lair:3)
  A wolf (Lair:5)
  4 centaurs
  12 crocodiles
  2 big kobolds
  21 bullfrogs
  Dowan (D:7)
  2 wyvern skeletons
  5 scorpions
  15 killer bees
  11 wights
  4 howler monkeys
  2 electric eels (D:6)
  A crimson imp (D:5)
  A quasit (D:8)
  2 bullfrog zombies
  2 centaur zombies
  4 jellies
  8 hounds
  7 orc priests
  A bullfrog skeleton (D:5)
  12 orc wizards
  2 centaur skeletons
  Jessica (D:2)
  9 worker ants
  7 iguanas
  A hound zombie (D:5)
  A hound skeleton (D:4)
  A worker ant zombie (D:8)
  2 gnolls
  14 adders
  8 shadow imps
  6 oozes
  An adder zombie (D:5)
  2 worms
  2 adder skeletons (D:4)
  9 dart slugs
  7 leopard geckos
  53 orcs
  3 ball pythons
  6 bats
  5 giant cockroaches
  3 hobgoblins
  17 jackals
  8 quokkas
  5 frilled lizards
  5 goblins
  16 kobolds
  2 quokka skeletons
  A quokka zombie (D:4)
  6 rats
520 creatures vanquished.

Vanquished Creatures (collateral kills)
  3 death yaks (Lair:6)
  A hell hog (Gauntlet)
  An ugly thing (IceCv)
  2 fire bats (Gauntlet)
  5 yaks (Lair:6)
  2 hell hounds (Gauntlet)
  5 ice beasts (IceCv)
19 creatures vanquished.

Vanquished Creatures (others)
  10 plants
  4 toadstools (D:3)
14 creatures vanquished.

Grand Total: 553 creatures vanquished

Notes
Turn   | Place    | Note
-------+----------+-------------------------------------------
     0 | D:1      | robertstho the Minotaur Berserker began the quest for the
                  | Orb.
     0 | D:1      | Reached XP level 1. HP: 19/19 MP: 0/0
   356 | D:1      | Reached XP level 2. HP: 15/27 MP: 1/1
   820 | D:2      | Reached XP level 3. HP: 27/34 MP: 2/2
  1386 | D:2      | Noticed Sigmund
  1388 | D:2      | Reached skill level 3 in Armour
  1395 | D:2      | Killed Sigmund
  1395 | D:2      | Reached skill level 5 in Fighting
  1395 | D:2      | Reached skill level 5 in Axes
  1395 | D:2      | Reached XP level 4. HP: 42/42 MP: 3/3
  1395 | D:2      | Reached XP level 5. HP: 48/48 MP: 4/4
  1583 | D:2      | Reached ** piety under Trog
  1707 | D:2      | Noticed Jessica
  1715 | D:2      | Killed Jessica
  1715 | D:2      | Reached XP level 6. HP: 56/56 MP: 5/5
  2245 | D:3      | Reached *** piety under Trog
  2273 | D:4      | Reached skill level 4 in Armour
  2273 | D:4      | Reached skill level 1 in Stealth
  2643 | D:4      | Reached XP level 7. HP: 63/63 MP: 6/6
  2693 | D:4      | Noticed Pikel
  2700 | D:4      | Killed Pikel
  2700 | D:4      | Reached skill level 5 in Armour
  2702 | D:4      | Reached XP level 8. HP: 71/71 MP: 7/7
  2716 | D:4      | Noticed a hippogriff
  2717 | D:4      | Noticed a two-headed ogre
  2762 | D:5      | Entered Level 5 of the Dungeon
  2767 | D:5      | Reached skill level 6 in Armour
  2933 | D:5      | Found a shattered altar of Ashenzari.
  3105 | D:5      | Got a blackened long sword
  3106 | D:5      | Identified the +12 long sword of Conflict {vorpal, rPois
                  | rF+ Str-3 Dex+2} (You found it on level 5 of the Dungeon)
  3129 | D:5      | Found a staircase to the Ecumenical Temple.
  3339 | D:6      | Noticed a hippogriff
  3348 | D:6      | Killed a hippogriff
  3374 | D:6      | Reached skill level 7 in Armour
  3695 | D:6      | Reached **** piety under Trog
  3731 | D:6      | Reached skill level 1 in Long Blades
  3868 | D:6      | Reached XP level 9. HP: 79/81 MP: 8/8
  4308 | D:7      | Reached skill level 8 in Armour
  4431 | D:7      | Noticed Duvessa
  4432 | D:7      | Noticed Dowan
  4438 | D:7      | Killed Duvessa
  4443 | D:7      | Killed Dowan
  4558 | D:7      | Found Uwaburaz's Food Shop.
  4572 | D:7      | Reached ***** piety under Trog
  4572 | D:7      | Received a gift from Trog
  4602 | D:7      | Reached skill level 5 in Long Blades
  4879 | D:8      | Reached skill level 9 in Armour
  4939 | D:8      | Noticed Harold
  4941 | D:8      | Noticed Erica
  4951 | D:8      | Killed Harold
  4967 | D:8      | Killed Erica
  4967 | D:8      | Reached skill level 10 in Armour
  4967 | D:8      | Reached XP level 10. HP: 63/91 MP: 9/9
  6007 | D:9      | Received a gift from Trog
  6019 | D:9      | Got a bloodstained broad axe {god gift}
  6020 | D:9      | Identified the +1 broad axe of Duty {antimagic, MR+ Int+2
                  | Stlth+} (Trog gifted it to you on level 9 of the Dungeon)
  6076 | D:9      | Reached skill level 10 in Fighting
  6106 | D:9      | Reached skill level 11 in Armour
  6776 | D:10     | Entered Level 10 of the Dungeon
  6856 | D:10     | Reached XP level 11. HP: 99/101 MP: 3/10
  6869 | D:10     | Noticed a two-headed ogre
  6877 | D:10     | Killed a two-headed ogre
  7009 | D:10     | Found a staircase to the Orcish Mines.
  7038 | D:10     | Found a staircase to the Lair.
  7124 | D:10     | Reached skill level 10 in Axes
  7367 | Lair:1   | Entered Level 1 of the Lair of Beasts
  7392 | Lair:1   | Noticed a four-headed hydra
  7401 | Lair:1   | Killed a one-headed hydra
  7401 | Lair:1   | Reached skill level 12 in Armour
  7838 | Lair:1   | Received a gift from Trog
  8238 | Lair:2   | Noticed a six-headed hydra
  8243 | Lair:2   | Killed a five-headed hydra
  8342 | Lair:2   | Found a frozen archway.
  8360 | Lair:2   | Reached skill level 10 in Long Blades
  8368 | Lair:2   | Reached skill level 13 in Armour
  8387 | IceCv    | Entered an ice cave
  8387 | IceCv    | Noticed a white ugly thing
  8395 | IceCv    | Killed a white ugly thing
  8396 | IceCv    | Reached XP level 12. HP: 24/112 MP: 11/11
  8400 | IceCv    | Found a transporter.
  8628 | IceCv    | Found a transporter.
  8654 | IceCv    | Got a transparent great sword
  8755 | IceCv    | Identified the +8 great sword of Classification {vorpal,
                  | rPois} (You found it in an ice cave)
  8816 | Lair:2   | Found the +9 staff of Wucad Mu {channel}
  9433 | Lair:3   | Noticed a five-headed hydra
  9439 | Lair:3   | Killed a three-headed hydra
  9625 | Lair:3   | You fall into a shaft and drop 2 floors!
  9650 | Lair:5   | Reached skill level 14 in Armour
  9668 | Lair:5   | Received a gift from Trog
  9729 | Lair:5   | Noticed Butohos's ghost (journeyman DsVM)
  9734 | Lair:5   | Noticed a minotaur
  9741 | Lair:5   | Found a runed translucent gate.
  9741 | Lair:5   | Found a runed translucent gate.
  9765 | Lair:5   | Found a runed translucent gate.
  9825 | Lair:5   | Noticed a catoblepas
  9834 | Lair:5   | Killed a catoblepas
  9961 | Lair:5   | Noticed a seven-headed hydra
  9966 | Lair:5   | Killed a five-headed hydra
 10340 | Lair:5   | Killed Butohos's ghost
 10348 | Lair:5   | Killed a minotaur
 10348 | Lair:5   | Reached XP level 13. HP: 95/121 MP: 12/12
 10404 | Lair:6   | Entered Level 6 of the Lair of Beasts
 10562 | Lair:6   | HP: 5/122 [blink frog (6)]
 10687 | Lair:6   | Found a staircase to the Slime Pits.
 10751 | Lair:6   | Reached skill level 15 in Armour
 10944 | Lair:6   | Received a gift from Trog
 11319 | Lair:6   | Identified the Guide on the Congealing Birds
 11443 | Lair:6   | Found a snail-covered altar of Cheibriados.
 11884 | Lair:4   | Found a staircase to the Snake Pit.
 11947 | Lair:4   | Reached skill level 16 in Armour
 11947 | Lair:4   | Reached XP level 14. HP: 69/133 MP: 13/13
 12070 | Lair:4   | Reached skill level 15 in Fighting
 12074 | Lair:4   | Found a staircase to the Shoals.
 12088 | Lair:4   | Got a transparent chain mail
 12105 | Lair:4   | Identified the cursed +1 chain mail of Xaosuy {Int+3} (You
                  | found it on level 4 of the Lair of Beasts)
 12910 | Lair:3   | Reached skill level 15 in Long Blades
 12913 | Lair:3   | Received a gift from Trog
 13224 | Orc:1    | Entered Level 1 of the Orcish Mines
 14291 | D:12     | Found a shadowy altar of Dithmenos.
 14323 | D:12     | Received a gift from Trog
 14572 | D:12     | Found a gate leading to a gauntlet.
 14587 | Gauntlet | Entered a Gauntlet
 14587 | Gauntlet | Found a transporter.
 14587 | Gauntlet | Found a transporter.
 14587 | Gauntlet | Found a transporter.
 14588 | Gauntlet | Found a transporter.
 14589 | Gauntlet | Found a transporter.
 14592 | Gauntlet | Found a transporter.
 14598 | Gauntlet | Found a transporter.
 14601 | Gauntlet | Found a transporter.
 14601 | Gauntlet | Found a transporter.
 14603 | Gauntlet | Found a transporter.
 14607 | Gauntlet | Found a runed translucent door.
 14607 | Gauntlet | Found a runed translucent door.
 14611 | Gauntlet | Found a transporter.
 14616 | Gauntlet | Found a transporter.
 14999 | Gauntlet | Paralysed by a hornet for 3 turns
 15139 | Gauntlet | Identified the amulet "Niqal" {Spirit rElec rN+++ MR-}
 15161 | Gauntlet | Got a smoking ruby amulet
 15162 | Gauntlet | Identified the amulet of Geymisk {Inacc rN+ Stlth+} (You
                  | found it in a Gauntlet)
 15728 | Orc:1    | Found Uxtefi's Antique Weapon Boutique.
 15746 | Orc:1    | HP: 4/204 [two-headed ogre/+0 giant club (7)]
 15747 | Orc:1    | Killed from afar by an orc priest

Levels and vault maps discovered:
D:1:      eino_arrival_water_star, layout_loops_ring, serial_park_tiny_pond
D:2:      layout_rooms, grunt_ministairs_3, kennysheep_generic_room_16,
          uniq_sigmund, uniq_jessica
D:3:      layout_rooms, palyth_stone_intersect, minmay_gold_behind_fungi
D:4:      layout_rooms, first_ration, lightli_corner_chamber, uniq_pikel
D:5:      layout_basic, evilmike_ruin_ashenzari, temple_doors_e, st_stairs_10,
          hangedman_abyss_or_decor_stabs, lemuel_old_faithful
D:6:      layout_loops_corners, serial_bayou, serial_bayou_crossing,
          serial_bayou_pond_c, serial_bayou_lagoon_b, serial_bayou_pond_c,
          minmay_puff
D:7:      layout_cave_pools, serial_shops, shop, uniq_duvessa
D:8:      layout_basic, uniq_harold, uniq_erica
D:9:      layout_loops_corners
D:10:     layout_rooms, david_lair_shrubbed, orc_0_dummy
D:11:     kennysheep_spiral_hall, layout_basic
D:12:     layout_cave_pods, gauntlet_entry_generic,
          nicolae_dithmenos_shadow_blocks
Lair:1:   layout_loops_ring, grunt_megastairs_4, infiniplex_staircase_pool
Lair:2:   layout_cave_shapes, portal_ice_cave_demonic_guard
Lair:3:   dpeg_oklob_gauntlet, layout_chaotic_city, roderic_carrion_pond,
          minmay_lair_oklob_chamber, grunt_megastairs_2, lemuel_fruit_fields
Lair:4:   layout_gridlike, elwin_shoals_entry_rocks,
          guppyfry_snake_entry_island, patterned_corridor
Lair:5:   layout_loops_ring, maelrawn_ghost_gauntlet_escape
Lair:6:   evilmike_catoblepas_cave, layout_gridlike,
          nicolae_slime_entry_slimehenge, kennysheep_snail_temple
Orc:1:    layout_caves, serial_shops, shop, statue_in_the_mist_lemuel,
          bloody_trog

Skill      XL: |  1  2  3  4  5  6  7  8  9 10 11 12 13 14 |
---------------+-------------------------------------------+-----
Fighting       | 4 5 6 7 9 10 12 13 14 15 | 15.9
Axes           | 4 5 6 7 9 10 | 10.7
Armour         | 3 4 5 7 10 11 13 14 16 | 16.7
Dodging        | 3 4 |  4.7
Stealth        | 1 |  1.6
Long Blades    | 2 7 8 10 12 14 15 | 15.9

Action                   |  1- 3 |  4- 6 |  7- 9 | 10-12 | 13-15 || total
-------------------------+-------+-------+-------+-------+-------++-------
Melee: Hand axe          |    57 |    84 |       |       |       ||   141
       Headbutt          |    10 |    17 |    33 |   105 |   128 ||   293
       Broad axe         |       |    22 |     8 |   132 |       ||   162
       Long sword        |       |       |   133 |   107 |    39 ||   279
       Battleaxe         |       |       |    37 |       |       ||    37
       Triple sword      |       |       |       |   116 |   339 ||   455
       Scimitar          |       |       |       |     6 |       ||     6
       Great sword       |       |       |       |    64 |    44 ||   108
Invok: Berserk           |     4 |     2 |     4 |     8 |    14 ||    32
       Trog's Hand       |       |       |     1 |     2 |       ||     3
       Brothers in Arms  |       |       |       |     2 |     2 ||     4
Evoke: Wand              |       |       |       |     1 |     1 ||     2
  Use: Scroll            |       |    11 |     2 |     7 |     9 ||    29
       Potion            |       |       |       |     5 |     3 ||     8
 Stab: Sleeping          |       |     1 |       |       |       ||     1
       Invisible         |       |       |       |     2 |       ||     2
       Petrified         |       |       |       |       |     3 ||     3
       Petrifying        |       |       |       |       |     1 ||     1
  Eat: Chunk             |     4 |     7 |     9 |    21 |    25 ||    66
       Ration            |       |       |     1 |     1 |     2 ||     4
Armor: Animal skin       |     8 |     5 |       |       |       ||    13
       Chain mail        |       |    45 |    84 |       |       ||   129
       Plate armour      |       |       |    29 |   373 |   350 ||   752
Dodge: Dodged            |    43 |    72 |    91 |   280 |   271 ||   757
       Deflected         |       |       |       |       |    12 ||    12
       Rpst.: Long sword |       |       |    14 |    17 |     3 ||    34
       Triple sword      |       |       |       |    25 |    55 ||    80
       Great sword       |       |       |       |    10 |     8 ||    18

Table legend:
 A = Non-vault XP
 B = Vault XP
 C = Vault XP percentage of total XP
 D = Non-vault monster count
 E = Vault monster count
 F = Vault count percentage of total count
                 A         B        C        D         E       F
            +---------+---------+-------+---------+---------+-------
      Total |   62181 |   27882 |  31.0 |     438 |     101 |  18.7
            +---------+---------+-------+---------+---------+-------
        D:1 |      25 |       0 |   0.0 |      12 |       0 |   0.0
        D:2 |     104 |     268 |  72.0 |      21 |       6 |  22.2
        D:3 |      75 |       0 |   0.0 |      27 |       0 |   0.0
        D:4 |     382 |     641 |  62.7 |      21 |       1 |   4.5
        D:5 |     449 |      67 |  13.0 |      16 |       3 |  15.8
        D:6 |    1120 |       2 |   0.2 |      31 |       1 |   3.1
        D:7 |     878 |     243 |  21.7 |      26 |       2 |   7.1
        D:8 |    1985 |    1899 |  48.9 |      39 |       2 |   4.9
        D:9 |    1914 |       0 |   0.0 |      22 |       0 |   0.0
       D:10 |    2993 |     361 |  10.8 |      32 |       1 |   3.0
       D:11 |    4612 |     130 |   2.7 |      28 |       4 |  12.5
       D:12 |    6450 |       0 |   0.0 |      37 |       0 |   0.0
     Lair:1 |    2597 |    1183 |  31.3 |      10 |       6 |  37.5
     Lair:2 |    7212 |     697 |   8.8 |      21 |       2 |   8.7
     Lair:3 |    7421 |    1488 |  16.7 |      25 |      10 |  28.6
     Lair:4 |    8105 |     157 |   1.9 |      15 |       1 |   6.2
     Lair:5 |    4410 |    3185 |  41.9 |      16 |       5 |  23.8
     Lair:6 |    9865 |   11560 |  54.0 |      28 |      33 |  54.1
      Orc:1 |    1584 |       0 |   0.0 |      11 |       0 |   0.0
      IceCv |       0 |    2186 | 100.0 |       0 |      10 | 100.0
   Gauntlet |       0 |    3815 | 100.0 |       0 |      14 | 100.0
            +---------+---------+-------+---------+---------+-------
